 Dungeon Crawl Stone Soup version 0.30-a0-603-g51a0fb1b98 (webtiles) character file.

Game seed: 7720024816959952069

15339 tilp the Nimble (level 12, -3/104 HPs)
             Began as a Meteoran Fighter on Jan 8, 2023.
             Was an Elder of Okawaru.
             Killed from afar by a swamp dragon (13 damage)
             ... with a blast of poison
             ... on level 3 of the Lair of Beasts.
             The game lasted 00:35:20 (6570 turns).

tilp the Nimble (Meteoran Fighter)                  Turns: 6570, Time: 00:35:20

Health: -3/104     AC: 22    Str: 18    XL:     12   Next: 92%
Magic:  19/19      EV: 12    Int: 11    God:    Okawaru [****..]
Gold:   698        SH:  5    Dex: 18    Spells: 11/11 levels left

rFire   . . .      SeeInvis +    a - +1 long sword (freeze)
rCold   . . .      Faith    .    c - +0 buckler
rNeg    . . .      Spirit   .    k - +0 chain mail
rPois   .          Reflect  .    E - +2 helmet {SInv}
rElec   .          Harm     .    F - +2 cloak {Will+}
rCorr   +          Rampage  .    n - +2 pair of gloves {Stlth+}
Will    ++...                    g - +1 pair of boots
Stlth   +                        D - amulet of regeneration
HPRegen 1.17/turn                w - ring of resist corrosion
MPRegen 0.16/turn                (no ring)

@: lethally poisoned (-3 -> -6), glowing
A: sense surroundings 2, otherworldly, glowing, explore regen
a: Renounce Religion, Heroism, Finesse


You were on level 3 of the Lair of Beasts.
You worshipped Okawaru.
Okawaru was greatly pleased with you.
You visited 3 branches of the dungeon, and saw 14 of its levels.
You also visited: Ossuary and Gauntlet.

You collected 1375 gold pieces.
You spent 677 gold pieces at shops.

Inventory:

Hand Weapons
 a - a +1 long sword of freezing (weapon)
 b - a +1 falchion of electrocution
 v - a +0 great sword
 z - a +0 hand axe of flaming
Missiles
 h - 5 javelins
 q - 9 boomerangs
 u - 12 poisoned darts (quivered)
Armour
 c - a +0 buckler (worn)
 g - a +1 pair of boots (worn)
 k - a +0 chain mail (worn)
 n - a +2 pair of gloves of stealth (worn)
 C - an orb of light
 E - a +2 helmet of see invisible (worn)
 F - a +2 cloak of willpower (worn)
Jewellery
 p - a +6 ring of intelligence
 w - a ring of resist corrosion (left hand)
 D - an amulet of regeneration (around neck)
Wands
 t - a wand of polymorph (3)
 H - a wand of flame (4)
Scrolls
 e - a scroll of teleportation
 f - 3 scrolls of enchant weapon
 m - 2 scrolls of vulnerability
 x - a scroll of silence
 y - a scroll of immolation
 J - a scroll of blinking
Potions
 d - 4 potions of brilliance
 j - a potion of degeneration {unknown}
 l - 4 potions of cancellation
 o - 2 potions of mutation
 r - a potion of lignification {unknown}
 s - 3 potions of flight
 A - a potion of resistance {unknown}
 B - a potion of berserk rage {unknown}
 G - 2 potions of might
 I - a potion of heal wounds


   Skills:
 + Level 9.3 Fighting
 + Level 11.2 Long Blades
 - Level 6.0 Throwing
 - Level 6.0 Armour
 + Level 11.2 Dodging
 - Level 4.0 Stealth
 - Level 4.0 Shields
 + Level 8.2 Invocations
 - Level 8.0 Evocations


You had 11 spell levels left.
You didn't know any spells.
Your spell library was empty.

Dungeon Overview and Level Annotations

Branches:
Dungeon (10/15) Zot: 908   Temple (1/1) D:6 Zot: 560    Lair (3/5) D:9 Zot: 1164
  Swamp (0/4) Lair:3          Orc (0/2) D:9         Ossuary (visited)
Gauntlet (visited)
  Snake: Lair:2-3    Spider: Lair:2-3

Altars:
Ashenzari
Cheibriados
Dithmenos
Elyvilon
Fedhas
Kikubaaqudgha
Makhleb
Nemelex Xobeh
Okawaru
Qazlal
Sif Muna
Trog
Uskayaw
Vehumet
Wu Jian
Xom
Yredelemnul
Zin
The Shining One

Shops:
D:2 *


Innate Abilities, Weirdness & Mutations

You passively map the area around you.
You are easily found by Zot.
You glow in the dark.
You regain HP and MP as you explore.


Message History

The iguana closely misses you.
You slash the swamp dragon! You freeze the swamp dragon.
The swamp dragon is almost dead.
You are engulfed in poison gas.
You are more poisoned.
* * * LOW HITPOINT WARNING * * *
You feel extremely sick. You block the iguana's attack.
The swamp dragon bites you but does no damage.
The swamp dragon claws you but does no damage.
The swamp dragon tramples you.
* * * LOW HITPOINT WARNING * * *
You stumble backwards!
You slash the swamp dragon! You freeze the swamp dragon.
The swamp dragon is almost dead.
You are engulfed in poison gas.
You are more poisoned.
* * * LOW HITPOINT WARNING * * *
x2 You feel extremely sick.
The swamp dragon bites you but does no damage.
The swamp dragon claws you but does no damage.
The swamp dragon tramples you but does no damage.
Unknown command.
You feel better.
The swamp dragon bites you but does no damage.
The swamp dragon claws you but does no damage.
You block the swamp dragon's attack.
Unknown command.
You hit the swamp dragon but do no damage.
The swamp dragon is almost dead.
The swamp dragon bites you but does no damage.
You block the swamp dragon's attack. The swamp dragon tramples you!
* * * LOW HITPOINT WARNING * * *
You stumble backwards!
You barely miss the swamp dragon.
The swamp dragon is almost dead.
The swamp dragon breathes poison at you.
The blast of poison engulfs you!
You are poisoned.
You die...

* , ,, , , * * * *** * ,*
* # ** * ... *###
.....###P##########
*§§§§§§.†D@.##.....#
#.§§§§l##.........### # #
#.§§§###.##.#.....#.#.#.#
####* ## ##..#....#...#*
###.........#
#....<.....# ##....#P#.P#
######*# ##


You could see a swamp dragon (catching breath) and an iguana.

Vanquished Creatures
  A minotaur (Gauntlet)
  2 two-headed ogres
  2 sixfirhies (Gauntlet)
  Pikel (D:6)
  5 elephants (Lair:1)
  Joseph (D:8)
  A black mamba (Lair:2)
  2 rime drakes (Lair:2)
  2 trolls (D:9)
  Prince Ribbit (D:6)
  2 hornets (Gauntlet)
  A wyvern (D:9)
  A wraith (Ossuary)
  15 yaks
  7 steam dragons
  5 water moccasins
  An acid dragon (D:9)
  A black bear (D:5)
  3 orc warriors
  2 sky beasts
  An ice beast (D:6)
  9 wolves
  3 centaurs (D:9)
  A phantom (Temple)
  A necrophage (D:7)
  5 bullfrogs
  3 scorpions
  8 wights
  8 killer bees (D:9)
  10 orc priests
  5 hounds
  Crazy Yiuf (D:6)
  2 jellies
  6 iguanas
  14 orc wizards
  2 mummies
  6 gnolls
  3 adders
  A shadow imp (D:5)
  A worm (D:2)
  A dart slug (D:2)
  21 orcs
  An endoplasm (D:4)
  4 hobgoblins
  3 kobolds
  A quokka (D:3)
  5 ball pythons
  A bat (D:3)
  A frilled lizard (D:3)
  9 gnoll skeletons (Ossuary)
  3 goblins
  6 kobold skeletons (Ossuary)
  10 orc skeletons (Ossuary)
  2 rats
214 creatures vanquished.

Vanquished Creatures (others)
  A steam dragon (Lair:2)
  A bullfrog (Lair:2)
  A bush (Lair:3)
  8 fungi (Lair:2)
  11 plants
  17 withered plants (Gauntlet)
39 creatures vanquished.

Grand Total: 253 creatures vanquished

Notes
Turn   | Place    | Note
-------+----------+-------------------------------------------
     0 | D:1      | tilp the Meteoran Fighter began the quest for the Orb.
     0 | D:1      | Reached XP level 1. HP: 19/19 MP: 2/2
    89 | D:2      | Reached XP level 2. HP: 25/26 MP: 3/3
   141 | D:2      | Reached skill level 1 in Dodging
   159 | D:2      | Found Soplin's Assorted Antiques.
   182 | D:2      | Bought a bubbling clear potion for 27 gold pieces
   191 | D:3      | Reached XP level 3. HP: 31/31 MP: 4/4
   208 | D:3      | Found a hide-covered altar of Uskayaw.
   255 | D:5      | Entered Level 5 of the Dungeon
   255 | D:5      | Noticed a water moccasin
   261 | D:4      | Reached XP level 4. HP: 29/38 MP: 5/5
   316 | D:4      | Reached skill level 1 in Stealth
   344 | D:4      | Reached XP level 5. HP: 42/46 MP: 6/6
   450 | D:4      | Found a burning altar of Makhleb.
   450 | D:4      | Noticed a cacodemon
  1041 | D:2      | Bought a scroll labelled RACZOOMIHO for 31 gold pieces
  1041 | D:2      | Bought a scroll labelled TOPAFU OXTUYM for 31 gold pieces
  1113 | D:5      | Killed a water moccasin
  1114 | D:5      | Reached XP level 6. HP: 47/52 MP: 7/7
  1186 | D:8      | Reached XP level 7. HP: 37/59 MP: 8/8
  1193 | D:8      | Found a sand-covered staircase.
  1205 | Ossuary  | Entered an ossuary
  1205 | Ossuary  | Noticed a wraith
  1205 | Ossuary  | Noticed a wraith
  1205 | Ossuary  | Noticed a wraith
  1434 | Ossuary  | Noticed a wraith
  1460 | Ossuary  | Killed a wraith
  1461 | Ossuary  | Reached skill level 5 in Dodging
  1604 | D:5      | Reached XP level 8. HP: 36/67 MP: 9/9
  1644 | D:7      | Noticed Prince Ribbit
  1788 | D:5      | Reached skill level 5 in Armour
  1865 | D:5      | Reached skill level 5 in Long Blades
  2217 | D:6      | Noticed Pikel
  2238 | D:6      | Found a staircase to the Ecumenical Temple.
  2246 | Temple   | Entered the Ecumenical Temple
  2262 | Temple   | Reached skill level 5 in Fighting
  2275 | Temple   | Reached skill level 1 in Throwing
  2296 | D:6      | Reached skill level 1 in Evocations
  2350 | D:6      | Gained mutation: You passively map the area around you.
                  | [Meteoran growth]
  2350 | D:6      | Reached XP level 9. HP: 71/74 MP: 10/10
  2392 | D:6      | You fall into a shaft and drop 2 floors!
  2421 | D:8      | Noticed a two-headed ogre
  2832 | D:6      | Killed Prince Ribbit
  2915 | D:6      | Reached XP level 10. HP: 48/83 MP: 11/11
  2945 | D:6      | Killed Pikel
  3077 | D:6      | Found a runed translucent door.
  3078 | D:6      | Noticed Crazy Yiuf
  3086 | D:6      | Killed Crazy Yiuf
  3291 | D:7      | Noticed a cyclops
  3291 | D:7      | Noticed a manticore
  3441 | D:7      | Found an iron altar of Okawaru.
  3536 | D:8      | Noticed Joseph
  3553 | D:8      | Killed Joseph
  3871 | D:8      | Reached skill level 1 in Invocations
  3920 | D:8      | Found a sparkling altar of Nemelex Xobeh.
  4172 | D:8      | Killed a two-headed ogre
  4173 | D:8      | Reached skill level 5 in Throwing
  4173 | D:8      | Reached skill level 5 in Evocations
  4191 | D:8      | Reached XP level 11. HP: 63/88 MP: 14/14
  4206 | D:7      | Became a worshipper of Warmaster Okawaru
  4338 | D:10     | Entered Level 10 of the Dungeon
  4358 | D:9      | Noticed a two-headed ogre
  4385 | D:9      | Killed a two-headed ogre
  4385 | D:9      | Reached * piety under Okawaru
  4386 | D:9      | Reached skill level 5 in Invocations
  4434 | D:9      | Found a staircase to the Orcish Mines.
  4576 | D:9      | Found an ornate altar of the Wu Jian Council.
  4682 | D:9      | Reached ** piety under Okawaru
  4692 | D:10     | Found a radiant altar of Vehumet.
  4837 | D:9      | Found a glowing silver altar of Zin.
  4939 | D:9      | Identified a scroll of acquirement
  4939 | D:9      | Acquired 898 gold pieces
  4971 | D:9      | Found a staircase to the Lair.
  5088 | D:2      | Bought a shiny helmet for 232 gold pieces
  5088 | D:2      | Bought a runed cloak for 232 gold pieces
  5088 | D:2      | Bought a potion of might for 124 gold pieces
  5336 | Lair:1   | Entered Level 1 of the Lair of Beasts
  5336 | Lair:1   | Noticed an elephant
  5336 | Lair:1   | Noticed an elephant
  5336 | Lair:1   | Noticed an elephant
  5336 | Lair:1   | Noticed an elephant
  5341 | Lair:1   | Noticed an elephant
  5357 | Lair:1   | Killed an elephant
  5358 | Lair:1   | Reached skill level 10 in Long Blades
  5358 | Lair:1   | Reached skill level 10 in Dodging
  5380 | Lair:1   | Killed an elephant
  5380 | Lair:1   | Reached *** piety under Okawaru
  5385 | Lair:1   | Killed an elephant
  5418 | Lair:1   | Killed an elephant
  5419 | Lair:1   | Reached XP level 12. HP: 36/102 MP: 15/17
  5520 | Lair:2   | Received a gift from Okawaru
  5574 | Lair:2   | Found a gate leading to a gauntlet.
  5781 | Gauntlet | Entered a Gauntlet
  5781 | Gauntlet | Found a transporter.
  5781 | Gauntlet | Found a transporter.
  5781 | Gauntlet | Found a transporter.
  5785 | Gauntlet | Found a transporter.
  5785 | Gauntlet | Found a transporter.
  5786 | Gauntlet | Found a transporter.
  5787 | Gauntlet | Noticed a sixfirhy
  5787 | Gauntlet | Noticed a sixfirhy
  5790 | Gauntlet | Noticed a sixfirhy
  5796 | Gauntlet | Found a transporter.
  5799 | Gauntlet | Found a transporter.
  5799 | Gauntlet | Found a transporter.
  5800 | Gauntlet | Found a transporter.
  5806 | Gauntlet | Noticed a sixfirhy
  5810 | Gauntlet | Found a transporter.
  5813 | Gauntlet | Found a transporter.
  5882 | Gauntlet | Paralysed by a hornet for 1 turns
  6029 | Gauntlet | Killed a sixfirhy
  6038 | Gauntlet | Killed a sixfirhy
  6038 | Gauntlet | Reached **** piety under Okawaru
  6103 | Gauntlet | Noticed a minotaur
  6129 | Gauntlet | Killed a minotaur
  6306 | Gauntlet | Glimpsed the power of Zot.
  6541 | Lair:3   | Found a staircase to the Swamp.
  6541 | Lair:3   | Noticed a swamp dragon
  6570 | Lair:3   | Killed from afar by a swamp dragon

Illustrated notes

Levels and vault maps discovered:
D:1:      eino_arrival_cavern_d, layout_basic,
          dreamdust_ecumenical_altar_hidden_monk_grotto,
          hangedman_feature_mirror
D:2:      layout_basic, serial_shops, nicolae_shop_crystal, basic_altar,
          minivault_23, uniq_jessica
D:3:      layout_loops_corners, mainiacjoe_overflow_catwalk,
          mainiacjoe_overflow_tiny_flanked, mainiacjoe_overflow_alcove_1,
          kennysheep_generic_room_6
D:4:      layout_gridville, makhleb_altar_promises_db, minmay_between
D:5:      layout_basic
D:6:      minmay_flawed_box, layout_basic, minmay_temple_entry_grid,
          minmay_statues_item, uniq_crazy_yiuf_cottage, uniq_pikel
D:7:      lemuel_ratsnest, layout_basic, nicolae_hepliaklqana_monster_ancestors,
          nicolae_overflow_hidden_temple, minmay_misc_feat_secret_circle,
          lightli_corner_chamber, uniq_prince_ribbit1
D:8:      kennysheep_six_static_rooms, layout_layer_cave,
          mainiacjoe_overflow_concentric_impassable, gup_ossuary_entry_pyramid,
          uniq_joseph
D:9:      layout_roguey, nicolae_wu_jian_immortal_techniques, zin_treasury,
          erik_lair_island, orc_0_dummy
D:10:     layout_roguey, nicolae_vehumet_altar_sigil
Temple:   nicolae_temple_no_exploring_needed
Lair:1:   layout_roguey
Lair:2:   layout_chaotic_city, gauntlet_entry_generic, serial_bayou_pond_a,
          wad_woods_road_03, bobbens_dragon_lair_wall
Lair:3:   layout_misc_corridors, minmay_swamp_entry_reptiles,
          spider_nest_entry_a, grunt_megastairs_4

Skill      XL: |  1  2  3  4  5  6  7  8  9 10 11 12 |
---------------+-------------------------------------+-----
Dodging        | 1 2 4 5 6 8 10 11 | 11.2
Long Blades    | 3 4 5 6 8 10 11 | 11.2
Armour         | 4 5 6 |  6.0
Stealth        | 1 2 3 4 |  4.0
Shields        | 4 |  4.0
Fighting       | 4 5 6 8 9 |  9.3
Throwing       | 1 3 5 6 |  6.0
Evocations     | 1 3 5 6 8 |  8.0
Invocations    | 3 6 8 |  8.2

Action                   |  1- 3 |  4- 6 |  7- 9 | 10-12 || total
-------------------------+-------+-------+-------+-------++-------
Melee: Long sword        |    45 |    60 |   322 |   667 ||  1094
       Falchion          |       |       |    42 |       ||    42
Throw: Boomerang         |       |       |     2 |       ||     2
       Dart              |       |       |       |    25 ||    25
Invok: Heroism           |       |       |       |     9 ||     9
       Finesse           |       |       |       |     1 ||     1
Evoke: Wand              |       |       |     1 |    11 ||    12
  Use: Potion            |       |     1 |     4 |     9 ||    14
       Scroll            |       |       |    18 |    14 ||    32
 Stab: Fleeing           |       |       |       |     1 ||     1
Armor: Scale mail        |    18 |    12 |       |       ||    30
       Chain mail        |       |    19 |   205 |   371 ||   595
Dodge: Dodged            |    17 |    24 |   129 |   306 ||   476
Block: Buckler           |     8 |    18 |    80 |   182 ||   288

Table legend: (Time is in decaauts)
 A = Elapsed time spent in this place.
 B = Non-inter-level travel time spent in this place.
 C = Inter-level travel time spent in this place.
 D = Time resting spent in this place.
 E = Time spent auto-exploring this place.
 F = Levels seen in this place.
 G = Mean time per level.
                   A        B        C        D        E       F      G
               +--------+--------+--------+--------+--------+-----+--------+
         Total |   6645 |   5391 |   1254 |    314 |      0 |  16 |  415.3 |
       Dungeon |   5091 |   3934 |   1157 |      7 |      0 |  10 |  509.1 |
        Temple |     39 |     39 |      0 |      0 |      0 |   1 |   39.0 |
          Lair |    634 |    537 |     97 |      0 |      0 |   3 |  211.3 |
       Ossuary |    342 |    342 |      0 |     23 |      0 |   1 |  342.0 |
      Gauntlet |    537 |    537 |      0 |    284 |      0 |   1 |  537.0 |
               +--------+--------+--------+--------+--------+-----+--------+

Top non-repeatable levels by time:
     D:6: 950 daAuts
     D:9: 909 daAuts
     D:8: 856 daAuts
     D:4: 788 daAuts
     D:5: 654 daAuts
Gauntlet: 537 daAuts
     D:7: 450 daAuts
  Lair:2: 398 daAuts
 Ossuary: 342 daAuts
     D:3: 214 daAuts
  Lair:1: 202 daAuts
     D:2: 186 daAuts
     D:1: 49 daAuts
  Temple: 39 daAuts
  Lair:3: 32 daAuts
